AoeStats
← D.V

Arabia

509243248Analyzed
3v3 RM · 6d ago on Sep 26, 2026· 55m 39s· 6 players
Game mode
Random Map
Map size
Normal (6 player)
Population
200
Speed
Normal
Resources
Standard
Victory
Conquest
Starting age
Dark Age
Ending age
Imperial Age
RankedLock teamsTeams togetherTeam positionsShared explorationLock speedFull tech treeHidden civsTurbo modeCheats
Victory
Defeat
🇨🇦 Hindustanis · Canada
924
+12
🇨🇦 Varangians · Canada
890
+13
🇨🇦 Persians · Canada
890
+13
🇨🇦 Bohemians · Canada
934
-16
🇨🇴 Chinese · Colombia
826
-13
🇨🇴 Ethiopians · Colombia
723
-9
D.V
11:15 Feudal Age
11:43 Double-Bit Axe
13:45 Gold Mining
14:28 Horse Collar
21:39 Wheelbarrow
25:48 Castle Age
24:17 Loom
26:18 Stone Mining
26:41 Bow Saw
26:18 Elite Skirmisher
26:41 Pikeman
28:07 Forging
29:20 Heavy Plow
31:03 Fletching
31:13 Padded Archer Armor
31:49 Iron Casting
32:54 Hand Cart
32:50 Squires
36:12 Light Cavalry
40:56 Imperial Age
39:48 Bloodlines
39:41 Husbandry
40:34 Bodkin Arrow
40:54 Leather Archer Armor
40:46 Scale Barding Armor
41:44 Thumb Ring
42:26 Conscription
42:31 Bracer
43:01 Ring Archer Armor
44:55 Elite Chu Ko Nu
50:45 Chemistry
Bohuman
7:41 Loom
11:46 Feudal Age
12:25 Double-Bit Axe
12:21 Horse Collar
13:40 Wheelbarrow
19:20 Castle Age
20:23 Bow Saw
20:14 Heavy Plow
21:23 Fervor
22:01 Sanctity
23:52 Hand Cart
24:03 Town Watch
25:24 Fletching
28:35 Bodkin Arrow
32:54 Imperial Age
30:06 Pikeman
30:47 Squires
30:49 Scale Mail Armor
32:29 Chemistry
33:29 Padded Archer Armor
34:32 Conscription
33:44 Halberdier
35:39 Two-Man Saw
37:18 Bracer
37:34 Leather Archer Armor
39:27 Masonry
39:43 Chain Mail Armor
39:39 Forging
40:08 Forging
40:43 Elite Skirmisher
41:55 Ring Archer Armor
41:56 Plate Mail Armor
47:00 Iron Casting
palomuno
9:47 Loom
12:33 Feudal Age
32:58 Castle Age
31:17 Double-Bit Axe
31:17 Horse Collar
34:44 Fletching
34:44 Elite Skirmisher
Marty
7:05 Loom
10:07 Feudal Age
11:00 Double-Bit Axe
17:49 Castle Age
18:04 Wheelbarrow
17:17 Horse Collar
19:17 Man-at-Arms
23:06 Forging
23:22 Long Swordsman
25:11 Heavy Plow
27:27 Gambesons
29:09 Thumb Ring
29:56 Kamandaran
29:58 Fletching
31:25 Padded Archer Armor
31:00 Crossbowman
35:50 Imperial Age
33:37 Pikeman
35:10 Leather Archer Armor
36:04 Halberdier
36:48 Scale Mail Armor
46:01 Bodkin Arrow
46:36 Ring Archer Armor
cargoyle
3:22 Loom
7:45 Loom
10:21 Feudal Age
11:53 Double-Bit Axe
23:33 Castle Age
21:51 Bloodlines
21:53 Scale Barding Armor
27:00 Crossbowman
28:11 Horse Collar
29:14 Wheelbarrow
32:36 Imperial Age
31:07 Fletching
31:17 Padded Archer Armor
33:50 Hand Cart
33:38 Heavy Plow
33:29 Gold Mining
34:07 Bodkin Arrow
34:28 Leather Archer Armor
38:21 Elite Ghulam
41:32 Chemistry
40:17 Onager
40:24 Siege Elephant
43:56 Bracer
44:28 Ring Archer Armor
44:11 Forging
44:01 Scale Mail Armor
46:22 Shatagni
48:49 Iron Casting
48:29 Chain Mail Armor
54:17 Masonry
54:29 Ballistics
Masolas
7:19 Loom
9:47 Feudal Age
11:42 Bloodlines
11:26 Double-Bit Axe
15:56 Fletching
16:20 Forging
17:33 Scale Barding Armor
23:21 Castle Age
22:38 Horse Collar
23:40 Fletching
23:23 Crossbowman
25:07 Bow Saw
27:31 Bodkin Arrow
27:47 Padded Archer Armor
28:18 Gold Mining
29:39 Leather Archer Armor
30:23 Wheelbarrow
32:09 Heavy Plow
36:28 Ballistics
40:20 Imperial Age
38:08 Hand Cart
37:39 Town Watch
42:23 Chemistry
42:14 Conscription
42:37 Elite Jarl
43:57 Stone Mining
45:11 Two-Man Saw
44:44 Crop Rotation
45:34 Iron Casting
46:24 Vendel Legacy
50:16 Husbandry
49:45 Cavalier
55:44 Chain Barding Armor
56:26 Blast Furnace
Connection lost

Rejoining the realm…

Still unreachable

The connection could not be restored.

Session expired

The server has moved on; the page needs a fresh start.